 Dungeon Crawl Stone Soup version 0.15-a0-413-gc6111ba (webtiles) character file.

303 PolkaDot the Ruinous (level 5, 0/35 HPs)
             Began as a Vampire Wizard on May 5, 2014.
             Slain by a green rat (4 damage)
             ... on Level 3 of the Dungeon.
             The game lasted 00:11:43 (2591 turns).

PolkaDot the Ruinous (Vampire Wizard)               Turns: 2591, Time: 00:11:43

HP   0/35        AC  2     Str  6      XL: 5   Next: 57%
MP   1/11        EV 12     Int 21      God:
Gold 92          SH  0     Dex 15      Spells:  3 memorised,  3 levels left

rFire  . . .     SeeInvis +     n - +0,+1 whip (elec)
rCold  . . .     Clarity  .     a - +0 robe
rNeg   . . .     Conserve .     (no shield)
rPois  .         rCorr    .     b - +0 hat
rElec  .         rRot     .     (no cloak)
SustAb . .       Spirit   .     (no gloves)
rMut   .         Warding  .     (no boots)
Saprov . . .     Stasis   .     (no amulet)
MR     .....                    (no ring)
                                p - +3 ring of dexterity

@: regenerating quickly, lethally poisoned, very slightly contaminated, not
resistant to hostile enchantments, very unstealthy
A: fangs 3, see invisible, unbreathing
a: no special abilities


You were on level 3 of the Dungeon.
You were full.

You visited 1 branch of the dungeon, and saw 3 of its levels.

You collected 92 gold pieces.

Inventory:

Hand weapons
 n - a +0,+1 whip of electrocution (weapon)
Armour
 a - a +0 robe (worn)
 b - a +0 hat (worn)
Scrolls
 f - a scroll of enchant armour {unknown}
 g - 2 scrolls of identify {unknown}
 h - a scroll of teleportation {unknown}
 i - 2 scrolls of amnesia {unknown}
 j - a scroll of enchant weapon I {unknown}
 k - 2 scrolls of fear {unknown}
 m - a scroll of remove curse {unknown}
 o - a scroll of fog {unknown}
Jewellery
 p - a +3 ring of dexterity (left hand)
Potions
 e - a potion of beneficial mutation {unknown}
 l - a potion of confusion {unknown}
 q - a potion of restore abilities {unknown}
Books
 c - a book of Minor Magic

   Spells                             Type                      Level
   *Magic Dart                        Conjuration                  1
   Blink                              Translocation                2
   Call Imp                           Summoning                    2
   Repel Missiles                     Charms/Air                   2
   Slow                               Hexes                        2
   *Conjure Flame                     Conjuration/Fire             3
   *Mephitic Cloud                    Conjuration/Poison/Air       3


   Skills:
 - Level 2.1 Dodging
 - Level 3.0 Stealth
 - Level 3.0 Spellcasting
 * Level 4.2 Conjurations
   Level 1.0 Summonings
   Level 0.7 Translocations


You had 3 spell levels left.
You knew the following spells:

 Your Spells              Type           Power        Failure   Level  Hunger
a - Magic Dart            Conj           ###.         2%          1    None
d - Mephitic Cloud        Conj/Pois/Air  #.......     24%         3    ###....
s - Conjure Flame         Conj/Fire      ##......     21%         3    ###....


Dungeon Overview and Level Annotations

Branches:
Dungeon (3/15)

Altars:

Portals:
Sewer: D:3


Innate Abilities, Weirdness & Mutations

Your natural rate of healing is unusually fast.
You have razor-sharp teeth.*
You have supernaturally acute eyesight.
You can survive without breathing.*


Message History

Confirm with . or Enter, or press ? or * to list all spells.
Aiming: Mephitic Cloud
Press: ? - help, Shift-Dir - straight line, f - green rat
Aim: a green rat You miscast Mephitic Cloud.
You feel slightly ill.
* * * LOW MAGIC WARNING * * *
You feel sick.
The adder bites itself.
The adder is killed!
You hit the green rat.
The green rat is severely wounded.
The green rat misses you.
Your unstable footing causes you to fumble your attack.
You feel sick. The green rat closely misses you.
You completely miss the green rat.
The green rat is severely wounded.
The green rat bites you.
* * * LOW HITPOINT WARNING * * *
Your unstable footing causes you to fumble your attack.
The green rat bites you.
You die...

##≈######≈##
#≈≈≈≈≈≈≈≈≈≈#
#%≈≈####≈≈≈#
##≈##≈≈##≈##
#≈#≈≈∩ #≈# #≈#≈≈≈
#≈# ##≈##≈≈##≈##
#≈≈≈#≈≈#≈≈≈#
#≈≈≈#%≈r@≈≈#
##≈######≈##
##.#.# ###
#####.[..#
#........#
.#.#...##.# #
#.#.#.####.####.#
.......>........#
#.#.#...........#


You could see a green rat.

Vanquished Creatures
  Ijyb (D:2)
  5 adders
  7 gnolls
  A giant mite (D:3)
  A green rat (D:3)
  3 worms
  3 giant geckos
  An ooze (D:1)
  A ball python (D:3)
  5 bats
  11 goblins
  7 hobgoblins
  3 jackals (D:2)
  3 giant newts
  4 kobolds
  2 quokkas (D:2)
  4 rats (D:1)
62 creatures vanquished.

Notes
Turn   | Place    | Note
--------------------------------------------------------------
     0 | D:1      | PolkaDot, the Vampire Wizard, began the quest for the Orb.
     0 | D:1      | Reached XP level 1. HP: 13/13 MP: 4/4
   116 | D:1      | Reached skill level 1 in Conjurations
   275 | D:1      | Reached XP level 2. HP: 10/19 MP: 0/6
  1139 | D:1      | Reached XP level 3. HP: 24/24 MP: 5/7
  1144 | D:1      | Learned a level 3 spell: Conjure Flame
  1148 | D:1      | Learned a level 3 spell: Mephitic Cloud
  1567 | D:2      | Noticed Ijyb
  1575 | D:2      | Killed Ijyb
  1575 | D:2      | Reached XP level 4. HP: 21/30 MP: 9/9
  2359 | D:3      | Reached XP level 5. HP: 23/35 MP: 11/11
  2518 | D:3      | Reached skill level 4 in Conjurations
  2583 | D:3      | Found a glowing drain.
  2591 | D:3      | Slain by a green rat

Action                   |  1- 3 |  4- 6 || total
-------------------------+-------+-------++-------
Melee: Unarmed           |    45 |       ||    45
       Whip              |    29 |    90 ||   119
 Cast: Magic Dart        |    51 |     3 ||    54
       Conjure Flame     |     1 |     7 ||     8
       Mephitic Cloud    |     1 |     5 ||     6
  Use: Potion            |     1 |     1 ||     2
 Stab: Confused          |     1 |       ||     1
       Sleeping          |       |     2 ||     2
